 Dungeon Crawl Stone Soup version 0.30.0-15-g856e2d3f33 (webtiles) character file.

Game seed: 15171547449296602130

404 jasper the Chiller (level 6, -2/51 HPs)
             Began as a Demigod Ice Elementalist on May 18, 2023.
             Slain by a wyvern zombie (8 damage)
             ... in an ossuary.
             The game lasted 00:04:54 (3462 turns).

jasper the Chiller (Demigod Ice Elementalist)       Turns: 3462, Time: 00:04:54

Health: -2/51      AC:  4    Str:  9    XL:     6   Next: 30%
Magic:  11/14      EV: 13    Int: 31    God:
Gold:   215        SH:  0    Dex: 14    Spells: 1/11 levels left

rFire   . . .        d - +1 war axe
rCold   . . .        (no shield)
rNeg    . . .        a - +0 robe
rPois   .            (no helmet)
rElec   .            f - +0 cloak
rCorr   .            (no gloves)
SInv    .            k - +0 pair of boots
Will    .....        (no amulet)
Stlth   ++           i - ring of wizardry
HPRegen 0.28/turn    x - +6 ring of intelligence
MPRegen 0.14/turn

%: wizardry (x1)
@: freezing walls, hasted, very quick
A: high MP 1, forlorn, divine attributes
a: no special abilities


You were in an ossuary.
You visited 1 branch of the dungeon, and saw 4 of its levels.
You also visited: Ossuary.

You collected 215 gold pieces.

Inventory:

Hand Weapons
 d - a +1 war axe (weapon)
 w - a +1 halberd of freezing
Armour
 a - a +0 robe (worn)
 f - a +0 cloak (worn)
 k - a +0 pair of boots (worn)
Jewellery
 i - a ring of wizardry (left hand)
 q - a ring of wizardry
 x - a +6 ring of intelligence (right hand)
Wands
 p - a wand of iceblast (3)
Scrolls
 c - a scroll of enchant weapon
 g - 2 scrolls of poison
 o - a scroll of noise
 r - a scroll of acquirement {unknown}
 v - a scroll of identify
Potions
 b - a potion of magic
 e - a potion of brilliance
 h - 3 potions of haste
 j - a potion of ambrosia {unknown}
 l - 2 potions of heal wounds {unknown}
 m - a potion of mutation {unknown}
 n - a potion of might {unknown}
 s - a potion of degeneration {unknown}
 t - a potion of lignification {unknown}
 u - a potion of curing {unknown}


   Skills:
 + Level 3.0 Fighting
 + Level 3.6 Dodging
 - Level 1.7 Stealth
 + Level 3.3 Spellcasting
 - Level 4.2 Ice Magic
 - Level 1.0 Air Magic


You had one spell level left.
You knew the following spells:

 Your Spells              Type           Power      Damage    Failure   Level
a - Freeze                Ice            100%       1d10      1%          1
b - Frozen Ramparts       Ice            62%        1d10      1%          3
c - Ozocubu's Armour      Ice            31%        N/A       1%          3
d - Swiftness             Air            11%        N/A       5%          3

Your spell library contained the following spells:

 Spells                   Type           Power      Damage    Failure   Level
 Shock                    Conj/Air       32%        1d5       2%          1
 Summon Ice Beast         Ice/Summ       18%        N/A       11%         4
 Airstrike                Air            5%         2d(1-17)  16%         4


Dungeon Overview and Level Annotations

Branches:
Dungeon (4/15)            Ossuary (1/1)
 Temple: D:4-7


Innate Abilities, Weirdness & Mutations

You have an increased reservoir of magic. (+10% MP)
You shall have no god before yourself.
Your divine heritage dramatically boosts your attributes as you level up.


Message History

A mummy comes into view.
You take 1 damage, and have 49/51 hp.
Casting: Frozen Ramparts (safe; 1% risk of failure)
Confirm with . or Enter, or press ? or * to list all spells.
Casting: Frozen Ramparts (safe; 1% risk of failure)
Press: ? - help, Dir - look around, f - activate The walls around you are covered in ice.
The wyvern zombie completely resists.
The wall freezes the wyvern zombie but does no damage.
The wyvern zombie bites you!
You take 7 damage, and have 42/51 hp.
You now have 11/14 mp.
You barely miss the wyvern zombie.
The wyvern zombie is moderately damaged.
The wyvern zombie resists.
The wall freezes the wyvern zombie.
The wyvern zombie bites you!
The wyvern zombie resists.
The wall freezes the wyvern zombie.
The wyvern zombie bites you!
The bog mummy resists.
The wall freezes the bog mummy.
The bog mummy resists.
The wall freezes the bog mummy!
You take 19 damage, and have 23/51 hp.
MASSIVE DAMAGE!!
You hit the wyvern zombie but do no damage.
The wyvern zombie is moderately damaged.
The wyvern zombie completely resists.
The wall freezes the wyvern zombie but does no damage.
The wyvern zombie bites you but does no damage.
The wyvern zombie resists.
The wall freezes the wyvern zombie.
The wyvern zombie bites you!
* * * LOW HITPOINT WARNING * * *
The mummy resists.
The wall freezes the mummy.
The bog mummy resists.
The wall freezes the bog mummy.
The bog mummy resists.
The wall freezes the bog mummy.
You take 9 damage, and have 14/51 hp.
Okay, then.
You feel yourself speed up.
The wyvern zombie completely resists.
The wall freezes the wyvern zombie but does no damage.
The wyvern zombie bites you!
* * * LOW HITPOINT WARNING * * *
The wyvern zombie completely resists.
The wall freezes the wyvern zombie but does no damage.
The wyvern zombie bites you!
You die...

≈# ≈≈ ##.
#~~~ #####
#≈P.M#...#
#MZ@∩.#
≈≈≈.MM#..∩#
≈≈~~M #####
###. #


You could see 2 mummies, 3 bog mummies and a wyvern zombie.

Vanquished Creatures
  Grinder (D:3)
  An iguana (D:3)
  A mummy (D:4)
  7 gnolls
  3 adders
  2 worms
  3 dart slugs
  9 ball pythons
  6 endoplasms
  4 giant cockroaches
  5 goblins
  5 hobgoblins
  8 jackals
  A quokka (D:2)
  2 bats
  A frilled lizard (D:2)
  4 kobolds
  2 rats (D:1)
65 creatures vanquished.

Notes
Turn   | Place    | Note
-------+----------+-------------------------------------------
     0 | D:1      | jasper the Demigod Ice Elementalist began the quest for the
                  | Orb.
     0 | D:1      | Reached XP level 1. HP: 14/14 MP: 5/5
   261 | D:1      | Reached skill level 4 in Ice Magic
   272 | D:1      | Reached XP level 2. HP: 17/20 MP: 1/7
  1316 | D:2      | Reached XP level 3. HP: 15/27 MP: 3/8
  1320 | D:2      | Learned a level 3 spell: Frozen Ramparts
  1484 | D:2      | Reached skill level 1 in Fighting
  2429 | D:3      | Noticed Grinder
  2433 | D:3      | Paralysed by Grinder for 5 turns
  2441 | D:3      | Paralysed by Grinder for 5 turns
  2453 | D:3      | Killed Grinder
  2454 | D:3      | Reached XP level 4. HP: 37/37 MP: 5/11
  2454 | D:3      | Reached XP level 5. HP: 42/42 MP: 5/12
  2459 | D:3      | Learned a level 3 spell: Ozocubu's Armour
  2463 | D:3      | Learned a level 3 spell: Swiftness
  2608 | D:3      | Reached XP level 6. HP: 36/50 MP: 5/13
  2778 | D:3      | Reached skill level 1 in Air Magic
  3389 | D:4      | Found a sand-covered staircase.
  3430 | Ossuary  | Entered an ossuary
  3462 | Ossuary  | Slain by a wyvern zombie

Illustrated notes

Levels and vault maps discovered:
D:1:      eino_arrival_cavern_a, layout_loops_corners, minmay_pentomino_q4
D:2:      layout_loops_cross
D:3:      layout_basic, mainiacjoe_overflow_small_starburst, feat_on_display,
          uniq_grinder
D:4:      layout_loops_ring, mainiacjoe_overflow_six_doors_small,
          lemuel_crystal_altar, serial_shops, shop, gup_ossuary_entry_pyramid,
          nicolae_eternal_life, chequers_arboretum
Ossuary:  ossuary_zaba_flooded

Skill      XL: |  1  2  3  4  5  6 |
---------------+-------------------+-----
Ice Magic      | 4 |  4.2
Dodging        | 2 3 |  3.6
Spellcasting   | 2 3 |  3.3
Fighting       | 2 3 |  3.0
Air Magic      | 1 |  1.0
Stealth        | |  1.7

Action                     |  1- 3 |  4- 6 || total
---------------------------+-------+-------++-------
  Melee: War axe           |    33 |    21 ||    54
   Cast: Freeze            |    56 |     9 ||    65
         Frozen Ramparts   |     4 |     7 ||    11
  Evoke: Wand              |     6 |       ||     6
    Use: Scroll            |     8 |     2 ||    10
         Potion            |       |     1 ||     1
   Stab: Sleeping          |     1 |     1 ||     2
 Armour: Robe              |    15 |     6 ||    21
  Dodge: Dodged            |    57 |    26 ||    83
